 Dungeon Crawl Stone Soup version 0.29-a0-542-g075992c915 (webtiles) character file.

Game seed: 18259673876508927057

237 spiderkeys the Ducker (level 5, -4/32 HPs)
             Began as a Deep Elf Abyssal Knight on June 5, 2022.
             Was a Priest of Lugonu.
             Slain by Grinder (9 damage)
             ... while paralysed by Grinder
             ... on level 3 of the Dungeon.
             The game lasted 00:04:01 (3081 turns).

spiderkeys the Ducker (Deep Elf Abyssal Knight)     Turns: 3081, Time: 00:04:01

Health: -4/32      AC:  3    Str: 10    XL:     5   Next: 77%
Magic:  11/11      EV:  2    Int: 23    God:    Lugonu [***...]
Gold:   104        SH:  0    Dex: 15    Spells: 5/9 levels left

rFire   . . .      SeeInvis .   k - +1 dagger (venom)
rCold   . . .      Faith    .   (no shield)
rNeg    . . .      Spirit   .   j - +0 leather armour
rPois   .          Reflect  .   (no helmet)
rElec   .          Harm     .   (no cloak)
rCorr   .          Rampage  .   (no gloves)
Will    +....                   (no boots)
Stlth   +.........              (no amulet)
HPRegen 0.10/turn               I - +6 ring of intelligence
MPRegen 0.12/turn               z - ring of willpower

@: paralysed
A: no striking features
a: Renounce Religion, Depart the Abyss, Bend Space, Banish


You were on level 3 of the Dungeon.
You worshipped Lugonu.
Lugonu was most pleased with you.
You visited 1 branch of the dungeon, and saw 3 of its levels.
You visited the Abyss 1 time.

You collected 104 gold pieces.


   Skills:
 + Level 3.2 Fighting
 + Level 1.9(2.4) Short Blades
 - Level 2.1(2.4) Long Blades
 - Level 1.0 Armour
 + Level 4.0 Dodging
 + Level 2.6 Spellcasting
 + Level 3.4 Invocations


You had 5 spell levels left.
You knew the following spells:

 Your Spells              Type           Power      Damage    Failure   Level
a - Airstrike             Air            1%         N/A       86%         4

Your spell library contained the following spells:

 Spells                   Type           Power      Damage    Failure   Level
 Summon Lightning Spire   Summ/Air       3%         N/A       86%         4
 Alistair's Intoxication  Tmut/Pois      2%         N/A       99%         5
 Borgnjor's Vile Clutch   Necr/Erth      1%         N/A       99%         5
 Lightning Bolt           Conj/Air       1%         1d12      99%         5
 Eringya's Noxious Bog    Tmut/Pois      1%         N/A       100%        6

Inventory:

Hand Weapons
 a - a +1 falchion of chaos
 b - a +0 hunting sling
   (You found it on level 1 of the Dungeon)
 k - a +1 dagger of venom (weapon)
   (You took it off a goblin on level 1 of the Dungeon)
Missiles
 e - 80 stones
 t - 5 atropa-tipped darts
Armour
 c - a +0 chain mail
   (You found it on level 1 of the Dungeon)
 d - a +0 robe
   (You took it off Sigmund on level 2 of the Dungeon)
 f - a +0 robe
   (You found it on level 1 of the Dungeon)
 g - a +0 leather armour
   (You found it on level 1 of the Dungeon)
 h - a +0 chain mail
   (You found it on level 1 of the Dungeon)
 j - a +0 leather armour (worn)
 l - a +0 robe
   (You found it on level 1 of the Dungeon)
 v - a +0 robe
   (You found it on level 2 of the Dungeon)
 y - a +0 robe
   (You found it on level 2 of the Dungeon)
 A - a +0 ring mail
   (You found it on level 3 of the Dungeon)
 C - a +0 leather armour
   (You found it on level 3 of the Dungeon)
Magical Staves
 m - a staff of poison {!a}
   (You found it on level 1 of the Dungeon)
Jewellery
 z - a ring of willpower (right hand)
   (You found it on level 3 of the Dungeon)
 I - a +6 ring of intelligence (left hand)
   (You found it on level 2 of the Dungeon)
Wands
 r - a wand of flame (2)
   (You found it on level 2 of the Dungeon)
Scrolls
 i - 2 scrolls of amnesia
 p - a scroll of teleportation {@r4}
 u - a scroll of enchant armour
 w - a scroll of summoning
 x - 2 scrolls of magic mapping {!r}
 B - a scroll of blinking {unknown}
Potions
 n - a potion of flight {unknown}
 o - a potion of heal wounds {unknown}
 q - a potion of curing {unknown}
 s - a potion of degeneration {unknown}

Dungeon Overview and Level Annotations

Branches:
Dungeon (3/15)

Altars:

Annotations:
D:3 Grinder

# #.# #..........
# #.# ###...#####
### #.# . ##..#
..###.# .. #.>#
#.....# ... ##.#
#...#.#
....######## #.#
###.#.#
.....<.....# #.# #
#.### #........#
#.# # #.# #.
#..5@...# #.# #
#.# #.######.#.#
#.# # #.# #.# #.#
#.# # #.# #.#
#.#########.# #
#.######.#
#...........# #
#.#....#.#
#############
###)#.#.##.###
.##..........#
.####.###..#.#####


You could see Grinder (very poisoned).


Message History

Press: ? - help, Shift-Dir - straight line, f/p - worm
Aim: a worm (78% to hit)
You throw a stone.
The stone hits the worm but does no damage.
Throw: 78 stones
Press: ? - help, Shift-Dir - straight line, f/p - worm
Aim: a worm (78% to hit)
You throw a stone. The stone hits the worm.
Throw: 77 stones
Press: ? - help, Shift-Dir - straight line, f/p - worm
Aim: a worm (78% to hit)
You throw a stone.
The stone hits the worm but does no damage.
The worm closely misses you.
You barely miss the worm. The worm closely misses you.
You barely miss the worm. You hit the worm.
The worm is poisoned.
The worm barely misses you.
You hit the worm.
The worm looks as sick as possible!
You hit the worm but do no damage.
The worm looks as sick as possible!
The worm bites you. 😕 HP[-5]
You take 5 damage, and now have 27/32 hp.
You hit the worm.
The worm looks as sick as possible!
You hit the worm.
The worm looks as sick as possible!
The worm bites you! 😮 HP[-8]
You take 8 damage, and now have 19/32 hp.
MASSIVE DAMAGE!! (PAUSE)
You barely miss the worm. You hit the worm.
You kill the worm!
Lugonu accepts your kill.
Key pressed, stopping explore.
Key pressed, stopping explore.
e - 77 stones (gained 1)
You see here a worm corpse. 😎 HP[+13] MP[+1]
Your hp is fully restored (32).
Your mp is fully restored (11).
e - 78 stones (gained 1)
e - 79 stones (gained 1)
e - 80 stones (gained 1)
Found a stone staircase leading down.
A - a scroll of identify {@r1}
B - a scroll labelled XUDIMI SAEH
As you read the scroll of identify {@r1}, it crumbles to dust.
p - a scroll of teleportation Key pressed, stopping explore.
A - a +0 ring mail
There is a stone staircase leading down here.
C - a +0 leather armour
Found a stone staircase leading up.
Grinder comes into view.
Grinder shouts!
Grinder blinks!
Grinder moves out of view.
Okay, then.
Okay, then.
Aiming: Throw Flame
Press: ? - help, Shift-Dir - straight line, f - Grinder
Aim: Grinder (64% to hit)
The puff of flame hits Grinder!
Aiming: Throw Flame
Press: ? - help, Shift-Dir - straight line, f/p - Grinder
Aim: Grinder (lightly wounded, 64% to hit)
The puff of flame misses Grinder.
Aiming: Throw Flame
Press: ? - help, Shift-Dir - straight line, f/p - Grinder
Aim: Grinder (lightly wounded, 64% to hit)
The puff of flame hits Grinder!
Aiming: Throw Flame
Press: ? - help, Shift-Dir - straight line, f/p - Grinder
Aim: Grinder (moderately wounded, 64% to hit)
The puff of flame hits Grinder!
You hit Grinder but do no damage.
Grinder is poisoned.
Grinder hits you.
You writhe in agony. 😮 HP[-10]
You take 10 damage, and now have 22/32 hp.
MASSIVE DAMAGE!! (PAUSE)
You barely miss Grinder. Grinder gestures at you.
You resist with almost no effort.
You barely miss Grinder. You barely miss Grinder. Grinder hits you.
You writhe in agony. 😮 HP[-5]
You take 5 damage, and now have 17/32 hp.
You barely miss Grinder. Grinder gestures at you.
You resist with almost no effort.
You hit Grinder but do no damage.
Grinder looks as sick as possible!
Grinder misses you.
You closely miss Grinder. Grinder gestures at you.
You suddenly lose the ability to move!
Grinder gestures at you. You resist with almost no effort. Grinder hits you!
* * * LOW HITPOINT WARNING * * *
You writhe in agony.
* * * LOW HITPOINT WARNING * * *
Grinder says, "There's only one good use for a tongue: cutting it out."
Grinder hits you!
You die...

Skill      XL: |  1  2  3  4  5 |
---------------+----------------+-----
Armour         | 1 |  1.0
Long Blades    | 2 |  2.1
Dodging        | 3 4 |  4.0
Fighting       | 3 |  3.2
Short Blades   | 1 |  1.9
Spellcasting   | 2 |  2.6
Invocations    | 3 |  3.4

Action                   |  1- 3 |  4- 6 || total
-------------------------+-------+-------++-------
Melee: Falchion          |    49 |       ||    49
       Dagger            |    23 |    69 ||    92
Throw: Stone             |       |     5 ||     5
Evoke: Wand              |       |     4 ||     4
  Use: Scroll            |     3 |     8 ||    11
 Stab: Sleeping          |     1 |     2 ||     3
Armor: Leather armour    |    23 |    10 ||    33
Dodge: Dodged            |    69 |    30 ||    99

Levels and vault maps discovered:
D:1:      eino_arrival_tree_alley, layout_rooms, minmay_indecisive_spiral
D:2:      layout_loops_ring, chequers_serial_rivers_micro_c,
          minmay_tetromino_t4, uniq_sigmund
D:3:      layout_basic, serial_corexii_hall, chequers_hall_statues_corner_a,
          corexii_hall_statues_l, amcnicky_mini_rare_corridor_liquid,
          uniq_grinder, uniq_robin, uniq_natasha

Notes
Turn   | Place    | Note
-------+----------+-------------------------------------------
     0 | Abyss:1  | spiderkeys the Deep Elf Abyssal Knight began the quest for
                  | the Orb.
     0 | Abyss:1  | Reached XP level 1. HP: 13/13 MP: 4/4
     0 | Abyss:1  | magus.rc [v1.11.3]
     3 | Abyss:1  | Found a corrupted altar of Lugonu.
    38 | D:1      | You pass through the gate.
    38 | D:1      | Escaped the Abyss
   130 | D:1      | Reached skill level 1 in Armour
   138 | D:1      | Reached XP level 2. HP: 18/18 MP: 5/5
   158 | D:1      | Reached skill level 2 in Long Blades
   188 | D:1      | HP: 4/18 [bat (1)]
   461 | D:1      | You pick up a book of Storms and begin reading...
   461 | D:1      | You add the spells Airstrike, Summon Lightning Spire and
                  | Lightning Bolt to your library.
   916 | D:2      | Reached skill level 3 in Dodging
   916 | D:2      | Reached XP level 3. HP: 16/22 MP: 6/6
  1013 | D:2      | Noticed Sigmund
  1177 | D:2      | Killed Sigmund
  1178 | D:2      | Reached skill level 3 in Fighting
  1178 | D:2      | Reached skill level 1 in Short Blades
  1178 | D:2      | Reached skill level 2 in Spellcasting
  1178 | D:2      | Reached skill level 3 in Invocations
  1178 | D:2      | Reached XP level 4. HP: 15/28 MP: 6/9
  1178 | D:2      | Reached XP level 5. HP: 17/32 MP: 6/10
  1525 | D:2      | Reached *** piety under Lugonu
  1619 | D:2      | You add the spells Alistair's Intoxication, Borgnjor's Vile
                  | Clutch and Eringya's Noxious Bog to your library.
  1625 | D:2      | Learned a level 4 spell: Airstrike
  2561 | D:3      | Reached skill level 4 in Dodging
  3061 | D:3      | Noticed Grinder
  3078 | D:3      | Paralysed by Grinder for 4 turns
  3080 | D:3      | HP: 5/32 [Grinder (6)]
  3081 | D:3      | Slain by Grinder

Vanquished Creatures
  2 adders
  2 worms
  2 dart slugs
  An endoplasm (D:1)
  A giant cockroach (D:1)
  2 goblins
  4 hobgoblins
  2 quokkas (D:1)
  5 ball pythons
  9 bats
  5 kobolds
  8 rats
43 creatures vanquished.

Vanquished Creatures (collateral kills)
  Sigmund (D:2)
1 creature vanquished.

Grand Total: 44 creatures vanquished

Table legend:
 A = Non-vault XP
 B = Vault XP
 C = Vault XP percentage of total XP
 D = Non-vault monster count
 E = Vault monster count
 F = Vault count percentage of total count
                 A         B        C        D         E       F
            +---------+---------+-------+---------+---------+-------
      Total |      85 |     254 |  74.9 |      36 |       8 |  18.2
            +---------+---------+-------+---------+---------+-------
        D:1 |      31 |       7 |  18.4 |      20 |       4 |  16.7
        D:2 |      28 |     247 |  89.8 |       9 |       4 |  30.8
        D:3 |      26 |       0 |   0.0 |       7 |       0 |   0.0
            +---------+---------+-------+---------+---------+-------

Illustrated notes

Table legend:
 A = Kills in this place as a percentage of kills in entire the game.
 B = Kills by you in this place as a percentage of kills by you in the entire game.
 C = Kills by friends in this place as a percentage of kills by friends in the entire game.
 D = Other kills in this place as a percentage of other kills in the entire game.
 E = Experience gained in this place as a percentage of experience gained in the entire game.
 F = Experience gained in this place divided by the number of levels of this place that you have seen.
                   A       B       C       D       E      F
               +-------+-------+-------+-------+-------+----------------------
         Total | 100.0 | 100.0 | 100.0 |   N/A | 100.0 |  84.8
       Dungeon | 100.0 | 100.0 | 100.0 |   N/A | 100.0 | 113.0
               +-------+-------+-------+-------+-------+----------------------

Table legend: (Time is in decaauts)
 A = Elapsed time spent in this place.
 B = Non-inter-level travel time spent in this place.
 C = Inter-level travel time spent in this place.
 D = Time resting spent in this place.
 E = Time spent auto-exploring this place.
 F = Levels seen in this place.
 G = Mean time per level.
                   A        B        C        D        E       F      G
               +--------+--------+--------+--------+--------+-----+--------+
         Total |   3080 |   3023 |     57 |    647 |   1979 |   4 |  770.0 |
       Dungeon |   3042 |   2985 |     57 |    647 |   1976 |   3 | 1014.0 |
         Abyss |     38 |     38 |      0 |      0 |      3 |   1 |   38.0 |
               +--------+--------+--------+--------+--------+-----+--------+

Top non-repeatable levels by time:
     D:2: 1505 daAuts
     D:1: 876 daAuts
     D:3: 661 daAuts
 Abyss:1: 38 daAuts
